cohdb
Replays
Latest Replays
All Replays
Popular Replays
Top Player Replays
Match Explorer
How It Works
Community
CoH3 Stats
Reddit
Sign in to upload your games and track your stats! →
Sign in with Steam
Match 43690952
Unlisted
Match 43690952
Overview
Messages
Build Orders
End
Kradschützen Motorcycle Team
Panzergrenadier Squad
Panzergrenadier Squad
Construct Light Support Kompanie
Selects Panzerjäger Kommand Battlegroup
Selects Mine Fields
Panzerjäger Squad
Selects Tank Busters
Fire Support Elements
Flakvierling Half-track
Assault Mechanized Group
2.5-tonne Medical Truck
Vehicle Survival Package
Selects Crew Shock Tactics
Construct Mechanized Kompanie
StuG III D Assault Gun
Selects Defensive Positions
Panzerjäger Mechanized Group
Combat Half-tracks
Selects Butterfly Bomb Drop
Construct Panzerarmee Kommand
Walking Stuka Rocket Launcher
Assault Mechanized Group
MG34 Team
Panzer III L Medium Tank
Rapid Advance
Panzerjäger Mechanized Group
Crew Shock Tactics
bigcheese
Banillo
[DOOD] Big Homie Pipe Down
__Alien____
0
0
Comments
sign in to comment!
No comments posted yet!